Buffalo Sabres vs Colorado Avalanche

Created - mercredi, 13 décembre 2023 at 19:00

Goals
1 2 3 OT1 T
Buffalo Sabres 3 1 0 1 5
Colorado Avalanche 3 1 0 0 4
Shots
1 2 3 OT1 T
Buffalo Sabres 14 10 5 1 30
Colorado Avalanche 22 16 9 1 48

1st period

1. Buffalo Sabres , Alex Tuch 17 (Jeff Skinner 13, Tomas Hertl 19) at 3:51
2. Colorado Avalanche , Nathan MacKinnon 13 (Gustav Forsling 18, Tim Stutzle 19) at 4:07
3. Colorado Avalanche , Brandon Saad 4 (Owen Power 18, J.T. Compher 12) at 6:36 (PP)
4. Colorado Avalanche , Owen Power 5 (J.T. Compher 13, David Krejci 8) at 6:56 (PP)
5. Buffalo Sabres , Jeff Skinner 9 (Tomas Hertl 20) at 11:44
6. Buffalo Sabres , Mattias Samuelsson 5 (Tomas Hertl 21, Alex Tuch 14) at 12:54

Penalties :
Tomas Hertl (BUF) for Slashing (Double Minor) at 4:41, Teddy Blueger (BUF) for Interference (Minor) at 18:06

2nd period

7. Colorado Avalanche , Nathan MacKinnon 14 (Gustav Forsling 19, Nazem Kadri 11) at 6:47
8. Buffalo Sabres , Teddy Blueger 3 (Zemgus Girgensons 3, Henri Jokiharju 13) at 9:20

Penalties :
No Penalty

3rd period

No Goal

Penalties :
Alex Belzile (COL) for Holding (Minor) at 7:18

Overtime #1

9. Buffalo Sabres , Nicklas Backstrom 5 (Dylan Cozens 7) at 3:22

Penalties :
No Penalty

Goalie Stats

Linus Ullmark (BUF), 44 saves from 48 shots - (0.917), W, 16-5-2, 63:23 minutes
Casey DeSmith (COL), 25 saves from 30 shots - (0.833), OTL, 5-1-3, 63:23 minutes

Players Stats for Buffalo Sabres

Player Name              G  A  P  +/- PIM S  H  SB GA TA FO     MP     PP MP  PK MP  
------------------------------------------------------------------------------------
Alex Tuch                1  1  2   3  0   1  1  0  0  0  0/2    19:34   0:22   0:46 
Brett Leason             0  0  0   0  0   0  0  0  0  0  1/2    13:05   1:06   0:00 
Cal Clutterbuck          0  0  0  -1  0   2  2  0  0  0  0/1    15:16   0:53   2:16 
Dylan Cozens             0  1  1   1  0   2  0  1  0  0  10/19  15:23   0:00   0:00 
Erik Johnson             0  0  0   1  0   0  1  2  0  0  0/0    18:27   0:00   0:50 
Henri Jokiharju          0  1  1   1  0   3  5  6  0  0  0/0    22:11   0:00   2:06 
Ilya Lyubushkin          0  0  0   0  0   1  0  3  0  0  0/0    18:31   0:53   0:42 
Jake McCabe              0  0  0   0  0   1  4  2  0  0  0/0    19:15   0:53   1:28 
Jeff Skinner             1  1  2   3  0   2  0  0  0  0  1/2    17:37   0:00   0:14 
Kyle Okposo              0  0  0   0  0   4  0  0  0  0  0/1    14:59   0:00   0:00 
Marcus Johansson         0  0  0   0  0   2  0  0  0  0  1/1    15:16   0:00   0:00 
Mark Jankowski           0  0  0  -1  0   0  0  0  0  0  2/6    15:05   1:06   2:16 
Matthew Kessel           0  0  0   1  0   0  1  4  0  0  0/0    18:51   0:00   1:38 
Mattias Samuelsson       1  0  1   2  0   3  1  0  0  0  0/0    21:08   0:00   1:44 
Nicklas Backstrom        1  0  1   0  0   1  0  0  0  0  6/15   13:58   1:37   0:00 
Teddy Blueger            1  0  1   0  2   3  1  1  0  0  8/19   13:30   1:06   0:58 
Tomas Hertl              0  3  3   3  4   4  1  0  0  0  14/22  18:55   0:44   0:00 
Zemgus Girgensons        0  1  1   0  0   1  2  0  0  0  0/2    14:52   1:15   1:58 

Players Stats for Colorado Avalanche

Player Name              G  A  P  +/- PIM S  H  SB GA TA FO     MP     PP MP  PK MP  
------------------------------------------------------------------------------------
Alex Belzile             0  0  0   0  2   0  0  0  0  0  0/1    10:43   0:00   0:00 
Andrew Copp              0  0  0  -3  0   2  0  0  0  0  0/0    12:51   0:00   1:00 
Brandon Saad             1  0  1   0  0   4  1  0  0  0  2/3    17:52   1:52   0:00 
David Krejci             0  1  1  -3  0   1  0  0  0  0  11/19  14:41   1:52   0:00 
Denis Malgin             0  0  0   0  0   0  1  0  0  0  1/1    10:44   0:00   0:00 
Eeli Tolvanen            0  0  0  -3  0   2  2  0  0  0  1/1    11:51   0:00   0:00 
Gustav Forsling          0  2  2   0  0   4  0  2  0  0  0/0    22:50   2:22   1:08 
Hampus Lindholm          0  0  0  -2  0   3  1  0  0  0  0/0    20:34   0:00   0:50 
J.T. Compher             0  2  2  -1  0   4  1  0  0  0  1/3    18:28   1:52   1:00 
Jack Johnson             0  0  0   1  0   0  0  0  0  0  0/0    17:05   0:00   0:28 
Lars Eller               0  0  0   0  0   0  0  0  0  0  10/14  11:31   0:00   0:47 
Nathan MacKinnon         2  0  2   1  0   10 0  0  0  0  10/23  20:35   2:22   0:12 
Nazem Kadri              0  1  1   0  0   4  0  0  0  0  1/3    19:59   2:22   0:00 
Owen Power               1  1  2  -2  0   3  3  1  0  0  0/0    23:25   1:52   0:51 
Paul Stastny             0  0  0   0  0   0  2  0  0  0  10/22  16:50   1:52   0:00 
Ryan Graves              0  0  0  -1  0   3  2  2  0  0  0/0    16:32   0:00   0:00 
Tim Stutzle              0  1  1   1  0   6  2  1  0  0  2/2    20:33   2:22   0:59 
Tyson Barrie             0  0  0  -1  0   2  0  0  0  0  0/0    21:05   2:22   0:41 

3 Stars

1 - Alex Tuch (BUF)
2 - Jeff Skinner (BUF)
3 - Nathan MacKinnon (COL)

Power Play

Buffalo Sabres - 0 on 1 Attempt(s) - 0.00%
Colorado Avalanche - 2 on 3 Attempt(s) - 66.67%

Penalty Kill

Buffalo Sabres - 1 on 3 Attempt(s) - 33.33% - Score 0 goal in Penalty Kill
Colorado Avalanche - 1 on 1 Attempt(s) - 100.00% - Score 0 goal in Penalty Kill

Team Stat

Buffalo Sabres - Hits : 19 - Faceoff Wins : 43 - Blocked Shots : 19 - Penalty Minutes : 6
Colorado Avalanche - Hits : 15 - Faceoff Wins : 49 - Blocked Shots : 6 - Penalty Minutes : 2

Official

Referees : Mitch Dunning and Dan ORourke
Linesman : Jonathan Deschamps and Bevan Mills

Game Notes

No Game Note

Finance

Level 1 -- Attendance: 10000 (100.00%) -- Ticket Income $ 890 000
Level 2 -- Attendance: 2000 (100.00%) -- Ticket Income $ 148 000
Level 3 -- Attendance: 3500 (100.00%) -- Ticket Income $ 154 000
Level 4 -- Attendance: 1432 (98.76%) -- Ticket Income $ 41 528
Luxury Box -- Attendance: 47 (94.00%) -- Ticket Income $ 10 105
Game was played at the Pepsi Center.
Total Attendance: 16979 (99.88%)
Total Ticket Income: $ 1 243 633
Total Income: $ 1 243 633

Buffalo Sabres

5 vs 5 Forward 
   Center                   Left Wing                Right Wing               Time % Phy DF OF 
 1 Tomas Hertl              Jeff Skinner             Alex Tuch                28     0   1  4  
 2 Dylan Cozens             Marcus Johansson         Kyle Okposo              27     1   2  2  
 3 Nicklas Backstrom        Mark Jankowski           Cal Clutterbuck          23     1   2  2  
 4 Teddy Blueger            Zemgus Girgensons        Brett Leason             22     1   2  2  

5 vs 5 Defense 
   Defense                  Defense                                           Time % Phy DF OF 
 1 Erik Johnson             Henri Jokiharju                                   34     1   3  1  
 2 Mattias Samuelsson       Matthew Kessel                                    33     1   3  1  
 3 Ilya Lyubushkin          Jake McCabe                                       33     1   3  1  
 4 Ilya Lyubushkin          Jake McCabe                                       0      1   3  1  

PowerPlay Forward 
   Center                   Left Wing                Right Wing               Time % Phy DF OF 
 1 Tomas Hertl              Marcus Johansson         Alex Tuch                50     1   1  3  
 2 Nicklas Backstrom        Jeff Skinner             Dylan Cozens             50     1   1  3  

PowerPlay Defense
   Defense                  Defense                                           Time % Phy DF OF 
 1 Ilya Lyubushkin          Henri Jokiharju                                   50     0   2  3  
 2 Erik Johnson             Mattias Samuelsson                                50     0   2  3  

Penalty Kill 4 Players Forward 
   Center                   Wing                     Time % Phy DF OF 
 1 Mark Jankowski           Cal Clutterbuck          50     0   5  0  
 2 Teddy Blueger            Zemgus Girgensons        50     0   5  0  

Penalty Kill 4 Players Defense
   Defense                  Defense                  Time % Phy DF OF 
 1 Mattias Samuelsson       Jake McCabe              50     0   5  0  
 2 Henri Jokiharju          Matthew Kessel           50     0   5  0  

Penalty Kill - 3 Players Forward 
   Forward                                           Time % Phy DF OF 
 1 Teddy Blueger                                     50     0   5  0  
 2 Mark Jankowski                                    50     0   5  0  

Penalty Kill - 3 Players Defense
   Defense                  Defense                  Time % Phy DF OF 
 1 Mattias Samuelsson       Jake McCabe              50     0   5  0  
 2 Henri Jokiharju          Matthew Kessel           50     0   5  0  

4 vs 4 Forward 
   Center                   Wing                     Time % Phy DF OF 
 1 Tomas Hertl              Mark Jankowski           50     1   2  2  
 2 Dylan Cozens             Alex Tuch                50     1   2  2  

4 vs 4 Defense
   Defense                  Defense                  Time % Phy DF OF 
 1 Erik Johnson             Mattias Samuelsson       50     1   2  2  
 2 Ilya Lyubushkin          Jake McCabe              50     1   2  2  

Last Minutes Offensive
   Center                   Left Wing                Right Wing               Defense                  Defense                  
   Tomas Hertl              Jeff Skinner             Alex Tuch                Mattias Samuelsson       Henri Jokiharju          

Last Minutes Defensive
   Center                   Left Wing                Right Wing               Defense                  Defense                  
   Teddy Blueger            Mark Jankowski           Zemgus Girgensons        Mattias Samuelsson       Henri Jokiharju          

Goaltenders
Starting : Linus Ullmark            
Backup : Karel Vejmelka           

Extra Forwards
Normal : Marcus Johansson, Kyle Okposo, Tomas Hertl - PP : Marcus Johansson, Kyle Okposo - PK : Alex Tuch
Extra Defensemen
Normal : Henri Jokiharju, Matthew Kessel, Mattias Samuelsson - PP : Jake McCabe - PK : Erik Johnson, Ilya Lyubushkin
Penalty Shots
Alex Tuch, Jeff Skinner, Dylan Cozens, Tomas Hertl, Nicklas Backstrom
Custom OT Lines Forwards
Tomas Hertl, Alex Tuch, Dylan Cozens, Nicklas Backstrom, Kyle Okposo, Marcus Johansson, Brett Leason, Cal Clutterbuck, Teddy Blueger, Zemgus Girgensons
Custom OT Lines Defensemen
Henri Jokiharju, Mattias Samuelsson, Ilya Lyubushkin, Jake McCabe, Matthew Kessel

Scratches
Evander Kane (Sprained Right Ankle Injury), Colin Miller (Healthy), Nick Bonino (Torn Right Knee Ligaments Injury), Casey Fitzgerald (Healthy)

Colorado Avalanche

5 vs 5 Forward 
   Center                   Left Wing                Right Wing               Time % Phy DF OF 
 1 Nathan MacKinnon         Nazem Kadri              Tim Stutzle              32     0   2  3  
 2 Paul Stastny             Brandon Saad             J.T. Compher             30     0   2  3  
 3 David Krejci             Eeli Tolvanen            Andrew Copp              23     0   3  2  
 4 Lars Eller               Denis Malgin             Alex Belzile             15     0   4  1  

5 vs 5 Defense 
   Defense                  Defense                                           Time % Phy DF OF 
 1 Hampus Lindholm          Owen Power                                        33     0   2  3  
 2 Tyson Barrie             Ryan Graves                                       33     0   3  2  
 3 Gustav Forsling          Jack Johnson                                      29     0   3  2  
 4 Tyson Barrie             Owen Power                                        5      0   2  3  

PowerPlay Forward 
   Center                   Left Wing                Right Wing               Time % Phy DF OF 
 1 Nathan MacKinnon         Nazem Kadri              Tim Stutzle              50     0   0  5  
 2 David Krejci             Brandon Saad             J.T. Compher             50     0   0  5  

PowerPlay Defense
   Defense                  Defense                                           Time % Phy DF OF 
 1 Gustav Forsling          Tyson Barrie                                      50     0   1  4  
 2 Owen Power               Paul Stastny                                      50     0   1  4  

Penalty Kill 4 Players Forward 
   Center                   Wing                     Time % Phy DF OF 
 1 J.T. Compher             Andrew Copp              50     0   4  1  
 2 Lars Eller               Tim Stutzle              50     0   4  1  

Penalty Kill 4 Players Defense
   Defense                  Defense                  Time % Phy DF OF 
 1 Gustav Forsling          Hampus Lindholm          50     0   5  0  
 2 Owen Power               Jack Johnson             50     0   5  0  

Penalty Kill - 3 Players Forward 
   Forward                                           Time % Phy DF OF 
 1 J.T. Compher                                      50     0   4  1  
 2 Lars Eller                                        50     0   4  1  

Penalty Kill - 3 Players Defense
   Defense                  Defense                  Time % Phy DF OF 
 1 Gustav Forsling          Hampus Lindholm          50     0   5  0  
 2 Owen Power               Jack Johnson             50     0   5  0  

4 vs 4 Forward 
   Center                   Wing                     Time % Phy DF OF 
 1 Nathan MacKinnon         Tim Stutzle              50     0   1  4  
 2 David Krejci             J.T. Compher             50     0   2  3  

4 vs 4 Defense
   Defense                  Defense                  Time % Phy DF OF 
 1 Gustav Forsling          Owen Power               50     0   2  3  
 2 Hampus Lindholm          Tyson Barrie             50     0   2  3  

Last Minutes Offensive
   Center                   Left Wing                Right Wing               Defense                  Defense                  
   Nathan MacKinnon         Nazem Kadri              Tim Stutzle              Gustav Forsling          Hampus Lindholm          

Last Minutes Defensive
   Center                   Left Wing                Right Wing               Defense                  Defense                  
   J.T. Compher             Andrew Copp              Tim Stutzle              Gustav Forsling          Hampus Lindholm          

Goaltenders
Starting : Casey DeSmith            
Backup : Pavel Francouz           

Extra Forwards
Normal : Nathan MacKinnon, Tim Stutzle, Nazem Kadri - PP : Nathan MacKinnon, Tim Stutzle - PK : J.T. Compher
Extra Defensemen
Normal : Gustav Forsling, Hampus Lindholm, Owen Power - PP : Gustav Forsling - PK : Gustav Forsling, Hampus Lindholm
Penalty Shots
Nathan MacKinnon, Tim Stutzle, Nazem Kadri, Brandon Saad, David Krejci
Custom OT Lines Forwards
Nathan MacKinnon, Nazem Kadri, Tim Stutzle, David Krejci, Brandon Saad, J.T. Compher, Paul Stastny, Eeli Tolvanen, Andrew Copp, Lars Eller
Custom OT Lines Defensemen
Gustav Forsling, Hampus Lindholm, Owen Power, Tyson Barrie, Ryan Graves

Scratches
Jesse Puljujarvi (Healthy), Nick Holden (Upper Body Injury), Semyon Varlamov (Healthy)

% Time on Ice - Buffalo Sabres

Lines # - Real PCT - Wanted PCT - Time Play
Normal Forward
1 - 30% - 28% - 16:02
2 - 29% - 27% - 15:37
3 - 19% - 23% - 10:18
4 - 22% - 22% - 11:50
Normal Defense
1 - 36% - 34% - 19:34
2 - 32% - 33% - 17:12
3 - 31% - 33% - 16:47
4 - 0% - 0% - 0:14
PP Forward
1 - 55% - 50% - 1:06
2 - 45% - 50% - 0:53
PP Defense
1 - 100% - 50% - 1:59
2 - 0% - 50% - 0:00
PK Forward
1 - 54% - 50% - 2:16
2 - 46% - 50% - 1:58
PK Defense
1 - 50% - 50% - 2:08
2 - 50% - 50% - 2:06
PK3 Forward
1 - 0% - 50%
2 - 0% - 50%
PK3 Defense
1 - 0% - 50%
2 - 0% - 50%
44 Forward
1 - 0% - 50%
2 - 0% - 50%
44 Defense
1 - 0% - 50%
2 - 0% - 50%
Last Minute Offensive  - 0:00
Last Minute Defensive  - 0:00
Total
Forward - 60:00
Defense - 60:00

% Time on Ice - Colorado Avalanche

Lines # - Real PCT - Wanted PCT - Time Play
Normal Forward
1 - 30% - 32% - 16:14
2 - 28% - 30% - 14:58
3 - 22% - 23% - 11:51
4 - 20% - 15% - 10:44
Normal Defense
1 - 34% - 33% - 18:24
2 - 31% - 33% - 16:32
3 - 34% - 29% - 18:16
4 - 1% - 5% - 0:35
PP Forward
1 - 56% - 50% - 2:22
2 - 44% - 50% - 1:52
PP Defense
1 - 56% - 50% - 2:22
2 - 44% - 50% - 1:52
PK Forward
1 - 50% - 50% - 1:00
2 - 50% - 50% - 0:59
PK Defense
1 - 57% - 50% - 1:08
2 - 43% - 50% - 0:51
PK3 Forward
1 - 0% - 50%
2 - 0% - 50%
PK3 Defense
1 - 0% - 50%
2 - 0% - 50%
44 Forward
1 - 0% - 50%
2 - 0% - 50%
44 Defense
1 - 0% - 50%
2 - 0% - 50%
Last Minute Offensive  - 0:00
Last Minute Defensive  - 0:00
Total
Forward - 60:00
Defense - 60:00

Play-by-Play

1st period


0:01 of 1st period - Tomas Hertl wins face-off versus Nathan MacKinnon in neutral zone.
0:03 of 1st period - Off-side.
0:04 of 1st period - Dylan Cozens wins face-off versus Paul Stastny in neutral zone.
0:04 of 1st period - Marcus Johansson is hit by Paul Stastny and loses puck.
0:35 of 1st period - Shot by Brandon Saad.
0:35 of 1st period - Deflect By J.T. Compher.
0:35 of 1st period - Stopped by Linus Ullmark without a rebound.
0:36 of 1st period - David Krejci wins face-off versus Nicklas Backstrom in Buffalo Sabres zone.
0:37 of 1st period - Shot by Andrew Copp.
0:37 of 1st period - Stopped by Linus Ullmark with a rebound.
0:39 of 1st period - Shot by Andrew Copp.
0:39 of 1st period - Shot Misses the Net.
0:41 of 1st period - Shot by Gustav Forsling.
0:41 of 1st period - Stopped by Linus Ullmark without a rebound.
0:42 of 1st period - Teddy Blueger wins face-off versus Nathan MacKinnon in Buffalo Sabres zone.
0:47 of 1st period - Shot by Henri Jokiharju.
0:47 of 1st period - Stopped by Casey DeSmith without a rebound.
0:48 of 1st period - Lars Eller wins face-off versus Tomas Hertl in Colorado Avalanche zone.
0:48 of 1st period - Lars Eller is hit by Alex Tuch.
1:43 of 1st period - Icing by Gustav Forsling.
1:44 of 1st period - Teddy Blueger wins face-off versus Lars Eller in Colorado Avalanche zone.
1:47 of 1st period - Shot by Teddy Blueger.
1:47 of 1st period - Shot Blocked by Gustav Forsling.
2:35 of 1st period - Shot by Nathan MacKinnon.
2:35 of 1st period - Shot Blocked by Henri Jokiharju.
2:37 of 1st period - Shot by Nathan MacKinnon.
2:37 of 1st period - Shot Misses the Net.
2:58 of 1st period - Icing by Erik Johnson.
2:59 of 1st period - Paul Stastny wins face-off versus Nicklas Backstrom in Buffalo Sabres zone.
3:17 of 1st period - Icing by J.T. Compher.
3:18 of 1st period - Dylan Cozens wins face-off versus Paul Stastny in Colorado Avalanche zone.
3:35 of 1st period - Shot by Kyle Okposo.
3:35 of 1st period - Stopped by Casey DeSmith without a rebound.
3:36 of 1st period - Tomas Hertl wins face-off versus David Krejci in Colorado Avalanche zone.
3:51 of 1st period - Shot by Alex Tuch.
3:51 of 1st period - Goal by Alex Tuch - Buffalo Sabres : 1 - Colorado Avalanche : 0.
3:52 of 1st period - Nathan MacKinnon wins face-off versus Teddy Blueger in neutral zone.
3:54 of 1st period - Tim Stutzle is hit by Jake McCabe and loses puck.
3:58 of 1st period - Nazem Kadri is hit by Jake McCabe and loses puck.
4:05 of 1st period - Shot by Tim Stutzle.
4:05 of 1st period - Stopped by Linus Ullmark with a rebound.
4:07 of 1st period - Shot by Gustav Forsling.
4:07 of 1st period - Deflect By Nathan MacKinnon.
4:07 of 1st period - Goal by Nathan MacKinnon - Buffalo Sabres : 1 - Colorado Avalanche : 1.
4:08 of 1st period - David Krejci wins face-off versus Dylan Cozens in neutral zone.
4:19 of 1st period - Icing by Owen Power.
4:20 of 1st period - Tomas Hertl wins face-off versus David Krejci in Colorado Avalanche zone.
4:20 of 1st period - Tomas Hertl is hit by Owen Power.
4:26 of 1st period - Shot by Tomas Hertl.
4:26 of 1st period - Stopped by Casey DeSmith without a rebound.
4:27 of 1st period - Dylan Cozens wins face-off versus Paul Stastny in Colorado Avalanche zone.
4:27 of 1st period - Kyle Okposo is hit by Hampus Lindholm and loses puck.
4:34 of 1st period - Shot by Marcus Johansson.
4:34 of 1st period - Stopped by Casey DeSmith with a rebound.
4:36 of 1st period - Shot by Ilya Lyubushkin.
4:36 of 1st period - Stopped by Casey DeSmith with a rebound.
4:38 of 1st period - Shot by Kyle Okposo.
4:38 of 1st period - Stopped by Casey DeSmith with a rebound.
4:40 of 1st period - Shot by Kyle Okposo.
4:40 of 1st period - Stopped by Casey DeSmith without a rebound.
4:41 of 1st period - David Krejci wins face-off versus Tomas Hertl in Colorado Avalanche zone.
4:41 of 1st period - Double Minor Penalty to Tomas Hertl for Slashing.
4:42 of 1st period - Mark Jankowski wins face-off versus Nathan MacKinnon in Buffalo Sabres zone.
4:53 of 1st period - Shot by Tyson Barrie.
4:53 of 1st period - Stopped by Linus Ullmark without a rebound.
4:54 of 1st period - David Krejci wins face-off versus Mark Jankowski in Buffalo Sabres zone.
5:01 of 1st period - Shot by Brandon Saad.
5:01 of 1st period - Shot Misses the Net.
5:07 of 1st period - Shot by J.T. Compher.
5:07 of 1st period - Stopped by Linus Ullmark without a rebound.
5:08 of 1st period - Teddy Blueger wins face-off versus Nathan MacKinnon in Buffalo Sabres zone.
5:39 of 1st period - Shot by Gustav Forsling.
5:39 of 1st period - Shot Misses the Net.
6:36 of 1st period - Shot by Brandon Saad.
6:36 of 1st period - Goal by Brandon Saad - Buffalo Sabres : 1 - Colorado Avalanche : 2.
6:37 of 1st period - David Krejci wins face-off versus Mark Jankowski in neutral zone.
6:54 of 1st period - Shot by Owen Power.
6:54 of 1st period - Shot Misses the Net.
6:56 of 1st period - Shot by Owen Power.
6:56 of 1st period - Goal by Owen Power - Buffalo Sabres : 1 - Colorado Avalanche : 3.
6:57 of 1st period - Tomas Hertl wins face-off versus Alex Belzile in neutral zone.
7:04 of 1st period - Icing by Gustav Forsling.
7:05 of 1st period - Lars Eller wins face-off versus Kyle Okposo in Colorado Avalanche zone.
7:12 of 1st period - Shot by Dylan Cozens.
7:12 of 1st period - Deflect By Marcus Johansson.
7:12 of 1st period - Stopped by Casey DeSmith without a rebound.
7:13 of 1st period - Tomas Hertl wins face-off versus Nathan MacKinnon in Colorado Avalanche zone.
7:21 of 1st period - Jeff Skinner is hit by Ryan Graves and loses puck.
7:32 of 1st period - Shot by Nathan MacKinnon.
7:32 of 1st period - Shot Misses the Net.
7:40 of 1st period - Shot by Nathan MacKinnon.
7:40 of 1st period - Shot Misses the Net.
7:42 of 1st period - Shot by Tim Stutzle.
7:42 of 1st period - Deflect By Nathan MacKinnon.
7:42 of 1st period - Shot Misses the Net.
9:13 of 1st period - Shot by Dylan Cozens.
9:13 of 1st period - Shot Misses the Net.
9:33 of 1st period - Cal Clutterbuck is hit by J.T. Compher and loses puck.
9:54 of 1st period - Shot by J.T. Compher.
9:54 of 1st period - Deflect By Paul Stastny.
9:54 of 1st period - Shot Misses the Net.
10:07 of 1st period - Off-side.
10:08 of 1st period - Tomas Hertl wins face-off versus Nazem Kadri in neutral zone.
10:15 of 1st period - Shot by Alex Tuch.
10:15 of 1st period - Shot Misses the Net.
10:25 of 1st period - Shot by Nathan MacKinnon.
10:25 of 1st period - Stopped by Linus Ullmark without a rebound.
10:26 of 1st period - Lars Eller wins face-off versus Teddy Blueger in Buffalo Sabres zone.
10:26 of 1st period - Lars Eller is hit by Matthew Kessel.
10:53 of 1st period - Denis Malgin is hit by Henri Jokiharju and loses puck.
11:16 of 1st period - Shot by Nazem Kadri.
11:16 of 1st period - Shot Blocked by Henri Jokiharju.
11:18 of 1st period - Shot by Gustav Forsling.
11:18 of 1st period - Shot Misses the Net.
11:23 of 1st period - Nathan MacKinnon is hit by Henri Jokiharju and loses puck.
11:30 of 1st period - Shot by Nazem Kadri.
11:30 of 1st period - Shot Blocked by Teddy Blueger.
11:32 of 1st period - Shot by Nazem Kadri.
11:32 of 1st period - Stopped by Linus Ullmark without a rebound.
11:33 of 1st period - Dylan Cozens wins face-off versus Paul Stastny in Buffalo Sabres zone.
11:38 of 1st period - Shot by Dylan Cozens.
11:38 of 1st period - Shot Blocked by Ryan Graves.
11:40 of 1st period - Shot by Jake McCabe.
11:40 of 1st period - Stopped by Casey DeSmith without a rebound.
11:41 of 1st period - Tomas Hertl wins face-off versus David Krejci in Colorado Avalanche zone.
11:44 of 1st period - Shot by Jeff Skinner.
11:44 of 1st period - Goal by Jeff Skinner - Buffalo Sabres : 2 - Colorado Avalanche : 3.
11:45 of 1st period - Paul Stastny wins face-off versus Dylan Cozens in neutral zone.
11:56 of 1st period - Shot by Dylan Cozens.
11:56 of 1st period - Stopped by Casey DeSmith without a rebound.
11:57 of 1st period - Nathan MacKinnon wins face-off versus Nicklas Backstrom in Colorado Avalanche zone.
12:06 of 1st period - Shot by Nazem Kadri.
12:06 of 1st period - Shot Blocked by Ilya Lyubushkin.
12:08 of 1st period - Shot by Tim Stutzle.
12:08 of 1st period - Stopped by Linus Ullmark with a rebound.
12:30 of 1st period - Shot by Nathan MacKinnon.
12:30 of 1st period - Stopped by Linus Ullmark without a rebound.
12:31 of 1st period - Dylan Cozens wins face-off versus Paul Stastny in Buffalo Sabres zone.
12:38 of 1st period - Shot by Hampus Lindholm.
12:38 of 1st period - Shot Misses the Net.
12:40 of 1st period - Shot by Owen Power.
12:40 of 1st period - Stopped by Linus Ullmark without a rebound.
12:41 of 1st period - Jeff Skinner wins face-off versus David Krejci in Buffalo Sabres zone.
12:52 of 1st period - Shot by Tomas Hertl.
12:52 of 1st period - Stopped by Casey DeSmith with a rebound.
12:54 of 1st period - Shot by Mattias Samuelsson.
12:54 of 1st period - Goal by Mattias Samuelsson - Buffalo Sabres : 3 - Colorado Avalanche : 3.
12:55 of 1st period - Dylan Cozens wins face-off versus Paul Stastny in neutral zone.
13:20 of 1st period - Shot by Brandon Saad.
13:20 of 1st period - Deflect By J.T. Compher.
13:20 of 1st period - Shot Hit the Post.
13:28 of 1st period - Shot by Hampus Lindholm.
13:28 of 1st period - Stopped by Linus Ullmark without a rebound.
13:29 of 1st period - David Krejci wins face-off versus Tomas Hertl in Buffalo Sabres zone.
14:16 of 1st period - Shot by Nazem Kadri.
14:16 of 1st period - Shot Blocked by Matthew Kessel.
15:38 of 1st period - Matthew Kessel is hit by Brandon Saad and loses puck.
15:53 of 1st period - Shot by Brandon Saad.
15:53 of 1st period - Shot Misses the Net.
15:55 of 1st period - Shot by J.T. Compher.
15:55 of 1st period - Stopped by Linus Ullmark without a rebound.
15:56 of 1st period - Dylan Cozens wins face-off versus David Krejci in Buffalo Sabres zone.
15:56 of 1st period - Dylan Cozens is hit by Eeli Tolvanen.
16:14 of 1st period - Shot by David Krejci.
16:14 of 1st period - Shot Misses the Net.
16:16 of 1st period - Shot by Eeli Tolvanen.
16:16 of 1st period - Stopped by Linus Ullmark without a rebound.
16:17 of 1st period - Nicklas Backstrom wins face-off versus Nathan MacKinnon in Buffalo Sabres zone.
16:17 of 1st period - Nicklas Backstrom is hit by Tim Stutzle.
16:27 of 1st period - Shot by Tim Stutzle.
16:27 of 1st period - Shot Misses the Net.
16:37 of 1st period - Shot by Nathan MacKinnon.
16:37 of 1st period - Shot Misses the Net.
16:39 of 1st period - Shot by Nazem Kadri.
16:39 of 1st period - Shot Misses the Net.
16:41 of 1st period - Shot by Nathan MacKinnon.
16:41 of 1st period - Shot Misses the Net.
16:56 of 1st period - Icing by Hampus Lindholm.
16:57 of 1st period - Dylan Cozens wins face-off versus Nathan MacKinnon in Colorado Avalanche zone.
17:06 of 1st period - Shot by Dylan Cozens.
17:06 of 1st period - Shot Misses the Net.
17:24 of 1st period - Henri Jokiharju is hit by Paul Stastny and loses puck.
17:29 of 1st period - Shot by J.T. Compher.
17:29 of 1st period - Shot Misses the Net.
17:31 of 1st period - Shot by Ryan Graves.
17:31 of 1st period - Stopped by Linus Ullmark with a rebound.
17:33 of 1st period - Shot by Ryan Graves.
17:33 of 1st period - Stopped by Linus Ullmark without a rebound.
17:34 of 1st period - David Krejci wins face-off versus Teddy Blueger in Buffalo Sabres zone.
17:39 of 1st period - Shot by Gustav Forsling.
17:39 of 1st period - Stopped by Linus Ullmark without a rebound.
17:40 of 1st period - David Krejci wins face-off versus Teddy Blueger in Buffalo Sabres zone.
17:44 of 1st period - Icing by Ilya Lyubushkin.
17:45 of 1st period - Paul Stastny wins face-off versus Teddy Blueger in Buffalo Sabres zone.
17:49 of 1st period - Icing by Ilya Lyubushkin.
17:50 of 1st period - Brandon Saad wins face-off versus Teddy Blueger in Buffalo Sabres zone.
17:50 of 1st period - Brandon Saad is hit by Jake McCabe.
18:06 of 1st period - Minor Penalty to Teddy Blueger for Interference.
18:07 of 1st period - Nathan MacKinnon wins face-off versus Mark Jankowski in Buffalo Sabres zone.
18:12 of 1st period - Shot by Tim Stutzle.
18:12 of 1st period - Shot Misses the Net.
18:56 of 1st period - Shot by Owen Power.
18:56 of 1st period - Stopped by Linus Ullmark without a rebound.
18:57 of 1st period - Mark Jankowski wins face-off versus David Krejci in Buffalo Sabres zone.
19:24 of 1st period - Shot by Paul Stastny.
19:24 of 1st period - Deflect By Brandon Saad.
19:24 of 1st period - Stopped by Linus Ullmark without a rebound.
19:25 of 1st period - Nathan MacKinnon wins face-off versus Jeff Skinner in Buffalo Sabres zone.
19:41 of 1st period - Icing by Gustav Forsling.
19:42 of 1st period - Nathan MacKinnon wins face-off versus Mark Jankowski in Colorado Avalanche zone.
Goals for this period are 3 for Buffalo Sabres vs 3 for Colorado Avalanche.
Shots for this period are 14 for Buffalo Sabres vs 22 for Colorado Avalanche.

2nd period


0:01 of 2nd period - David Krejci wins face-off versus Alex Tuch in neutral zone.
2:35 of 2nd period - Andrew Copp is hit by Tomas Hertl and loses puck.
3:27 of 2nd period - Icing by Lars Eller.
3:28 of 2nd period - Lars Eller wins face-off versus Teddy Blueger in Colorado Avalanche zone.
4:33 of 2nd period - Shot by J.T. Compher.
4:33 of 2nd period - Deflect By Brandon Saad.
4:33 of 2nd period - Stopped by Linus Ullmark without a rebound.
4:34 of 2nd period - Lars Eller wins face-off versus Dylan Cozens in Buffalo Sabres zone.
5:35 of 2nd period - Shot by Mattias Samuelsson.
5:35 of 2nd period - Stopped by Casey DeSmith without a rebound.
5:36 of 2nd period - Paul Stastny wins face-off versus Tomas Hertl in Colorado Avalanche zone.
6:39 of 2nd period - Shot by Eeli Tolvanen.
6:39 of 2nd period - Stopped by Linus Ullmark without a rebound.
6:40 of 2nd period - Nathan MacKinnon wins face-off versus Nicklas Backstrom in Buffalo Sabres zone.
6:41 of 2nd period - Shot by Nazem Kadri.
6:41 of 2nd period - Shot Misses the Net.
6:43 of 2nd period - Shot by Nazem Kadri.
6:43 of 2nd period - Stopped by Linus Ullmark with a rebound.
6:45 of 2nd period - Shot by Gustav Forsling.
6:45 of 2nd period - Shot Blocked by Matthew Kessel.
6:47 of 2nd period - Shot by Nathan MacKinnon.
6:47 of 2nd period - Goal by Nathan MacKinnon - Buffalo Sabres : 3 - Colorado Avalanche : 4.
6:48 of 2nd period - Nicklas Backstrom wins face-off versus Nathan MacKinnon in neutral zone.
7:08 of 2nd period - Shot by Cal Clutterbuck.
7:08 of 2nd period - Stopped by Casey DeSmith without a rebound.
7:09 of 2nd period - Teddy Blueger wins face-off versus David Krejci in Colorado Avalanche zone.
7:22 of 2nd period - Shot by Brett Leason.
7:22 of 2nd period - Deflect By Teddy Blueger.
7:22 of 2nd period - Stopped by Casey DeSmith without a rebound.
7:23 of 2nd period - Dylan Cozens wins face-off versus Brandon Saad in Colorado Avalanche zone.
7:23 of 2nd period - Marcus Johansson is hit by Owen Power.
7:29 of 2nd period - Shot by Kyle Okposo.
7:29 of 2nd period - Stopped by Casey DeSmith without a rebound.
7:30 of 2nd period - Nicklas Backstrom wins face-off versus Nathan MacKinnon in Colorado Avalanche zone.
7:47 of 2nd period - Shot by Tim Stutzle.
7:47 of 2nd period - Stopped by Linus Ullmark without a rebound.
7:48 of 2nd period - Tomas Hertl wins face-off versus Paul Stastny in Buffalo Sabres zone.
8:14 of 2nd period - Icing by Gustav Forsling.
8:15 of 2nd period - Brandon Saad wins face-off versus Dylan Cozens in Colorado Avalanche zone.
8:41 of 2nd period - Shot by Andrew Copp.
8:41 of 2nd period - Deflect By Eeli Tolvanen.
8:41 of 2nd period - Shot Misses the Net.
8:43 of 2nd period - Shot by Andrew Copp.
8:43 of 2nd period - Stopped by Linus Ullmark with a rebound.
8:45 of 2nd period - Shot by Ryan Graves.
8:45 of 2nd period - Shot Misses the Net.
8:47 of 2nd period - Shot by Eeli Tolvanen.
8:47 of 2nd period - Shot Misses the Net.
8:49 of 2nd period - Shot by Ryan Graves.
8:49 of 2nd period - Stopped by Linus Ullmark without a rebound.
8:50 of 2nd period - Nathan MacKinnon wins face-off versus Teddy Blueger in Buffalo Sabres zone.
9:05 of 2nd period - Shot by Teddy Blueger.
9:05 of 2nd period - Stopped by Casey DeSmith with a rebound.
9:20 of 2nd period - Shot by Teddy Blueger.
9:20 of 2nd period - Goal by Teddy Blueger - Buffalo Sabres : 4 - Colorado Avalanche : 4.
9:21 of 2nd period - David Krejci wins face-off versus Tomas Hertl in neutral zone.
10:00 of 2nd period - Tyson Barrie is hit by Mattias Samuelsson and loses puck.
10:13 of 2nd period - Shot by Brandon Saad.
10:13 of 2nd period - Shot Blocked by Matthew Kessel.
10:15 of 2nd period - Shot by Gustav Forsling.
10:15 of 2nd period - Shot Misses the Net.
10:25 of 2nd period - Shot by Brandon Saad.
10:25 of 2nd period - Shot Misses the Net.
10:35 of 2nd period - Shot by J.T. Compher.
10:35 of 2nd period - Deflect By Brandon Saad.
10:35 of 2nd period - Stopped by Linus Ullmark with a rebound.
10:37 of 2nd period - Shot by Gustav Forsling.
10:37 of 2nd period - Shot Misses the Net.
10:51 of 2nd period - Shot by Nathan MacKinnon.
10:51 of 2nd period - Stopped by Linus Ullmark without a rebound.
10:52 of 2nd period - Nazem Kadri wins face-off versus Dylan Cozens in Buffalo Sabres zone.
11:18 of 2nd period - Shot by Tim Stutzle.
11:18 of 2nd period - Stopped by Linus Ullmark with a rebound.
11:20 of 2nd period - Shot by Hampus Lindholm.
11:20 of 2nd period - Stopped by Linus Ullmark with a rebound.
11:26 of 2nd period - Shot by Nathan MacKinnon.
11:26 of 2nd period - Stopped by Linus Ullmark without a rebound.
11:27 of 2nd period - Lars Eller wins face-off versus Nicklas Backstrom in Buffalo Sabres zone.
12:00 of 2nd period - Icing by Lars Eller.
12:01 of 2nd period - Brett Leason wins face-off versus Lars Eller in Colorado Avalanche zone.
12:05 of 2nd period - Icing by Tyson Barrie.
12:06 of 2nd period - Teddy Blueger wins face-off versus Lars Eller in Colorado Avalanche zone.
12:28 of 2nd period - Icing by Erik Johnson.
12:29 of 2nd period - Paul Stastny wins face-off versus Teddy Blueger in Buffalo Sabres zone.
12:30 of 2nd period - Shot by Brandon Saad.
12:30 of 2nd period - Shot Blocked by Henri Jokiharju.
12:41 of 2nd period - Off-side.
12:42 of 2nd period - Nathan MacKinnon wins face-off versus Dylan Cozens in neutral zone.
13:20 of 2nd period - Shot by Nathan MacKinnon.
13:20 of 2nd period - Shot Misses the Net.
13:31 of 2nd period - Icing by Gustav Forsling.
13:32 of 2nd period - Nathan MacKinnon wins face-off versus Nicklas Backstrom in Colorado Avalanche zone.
13:50 of 2nd period - Shot by Mattias Samuelsson.
13:50 of 2nd period - Stopped by Casey DeSmith without a rebound.
13:51 of 2nd period - Tomas Hertl wins face-off versus Paul Stastny in Colorado Avalanche zone.
14:04 of 2nd period - Shot by Tomas Hertl.
14:04 of 2nd period - Stopped by Casey DeSmith with a rebound.
14:06 of 2nd period - Shot by Tomas Hertl.
14:06 of 2nd period - Stopped by Casey DeSmith with a rebound.
14:49 of 2nd period - Teddy Blueger is hit by Eeli Tolvanen.
14:53 of 2nd period - Ryan Graves is hit by Zemgus Girgensons and loses puck.
15:17 of 2nd period - Icing by Ilya Lyubushkin.
15:18 of 2nd period - Lars Eller wins face-off versus Nicklas Backstrom in Buffalo Sabres zone.
15:18 of 2nd period - Gustav Forsling is hit by Jake McCabe and loses puck.
15:21 of 2nd period - Shot by Gustav Forsling.
15:21 of 2nd period - Shot Blocked by Ilya Lyubushkin.
15:25 of 2nd period - Shot by Gustav Forsling.
15:25 of 2nd period - Shot Blocked by Ilya Lyubushkin.
15:27 of 2nd period - Shot by Gustav Forsling.
15:27 of 2nd period - Shot Misses the Net.
15:42 of 2nd period - Shot by Gustav Forsling.
15:42 of 2nd period - Stopped by Linus Ullmark without a rebound.
15:43 of 2nd period - Tim Stutzle wins face-off versus Dylan Cozens in Buffalo Sabres zone.
15:52 of 2nd period - Shot by Dylan Cozens.
15:52 of 2nd period - Stopped by Casey DeSmith without a rebound.
15:53 of 2nd period - Tomas Hertl wins face-off versus Nathan MacKinnon in Colorado Avalanche zone.
15:54 of 2nd period - Shot by Alex Tuch.
15:54 of 2nd period - Shot Misses the Net.
16:02 of 2nd period - Shot by Nazem Kadri.
16:02 of 2nd period - Stopped by Linus Ullmark with a rebound.
16:04 of 2nd period - Shot by Tim Stutzle.
16:04 of 2nd period - Shot Misses the Net.
16:06 of 2nd period - Shot by Tyson Barrie.
16:06 of 2nd period - Shot Blocked by Matthew Kessel.
16:08 of 2nd period - Shot by Tim Stutzle.
16:08 of 2nd period - Stopped by Linus Ullmark without a rebound.
16:09 of 2nd period - Paul Stastny wins face-off versus Dylan Cozens in Buffalo Sabres zone.
16:42 of 2nd period - Shot by J.T. Compher.
16:42 of 2nd period - Shot Blocked by Henri Jokiharju.
17:14 of 2nd period - Shot by Andrew Copp.
17:14 of 2nd period - Shot Misses the Net.
17:44 of 2nd period - Shot by Gustav Forsling.
17:44 of 2nd period - Shot Misses the Net.
17:48 of 2nd period - Shot by Nathan MacKinnon.
17:48 of 2nd period - Shot Blocked by Henri Jokiharju.
17:56 of 2nd period - Shot by Gustav Forsling.
17:56 of 2nd period - Shot Blocked by Dylan Cozens.
17:58 of 2nd period - Shot by Jack Johnson.
17:58 of 2nd period - Shot Blocked by Erik Johnson.
18:00 of 2nd period - Shot by Gustav Forsling.
18:00 of 2nd period - Stopped by Linus Ullmark without a rebound.
18:01 of 2nd period - Lars Eller wins face-off versus Nicklas Backstrom in Buffalo Sabres zone.
19:22 of 2nd period - Icing by Gustav Forsling.
19:23 of 2nd period - David Krejci wins face-off versus Tomas Hertl in Colorado Avalanche zone.
Goals for this period are 1 for Buffalo Sabres vs 1 for Colorado Avalanche.
Shots for this period are 10 for Buffalo Sabres vs 16 for Colorado Avalanche.

3rd period


0:01 of 3rd period - Paul Stastny wins face-off versus Teddy Blueger in neutral zone.
0:01 of 3rd period - Paul Stastny is hit by Zemgus Girgensons.
0:43 of 3rd period - Shot by Jeff Skinner.
0:43 of 3rd period - Shot Blocked by Ryan Graves.
0:45 of 3rd period - Shot by Henri Jokiharju.
0:45 of 3rd period - Stopped by Casey DeSmith without a rebound.
0:46 of 3rd period - Nicklas Backstrom wins face-off versus Nathan MacKinnon in Colorado Avalanche zone.
0:46 of 3rd period - Nicklas Backstrom is hit by Owen Power.
0:50 of 3rd period - Shot by Mark Jankowski.
0:50 of 3rd period - Shot Blocked by Tim Stutzle.
1:08 of 3rd period - Shot by Nazem Kadri.
1:08 of 3rd period - Shot Misses the Net.
1:10 of 3rd period - Shot by Hampus Lindholm.
1:10 of 3rd period - Stopped by Linus Ullmark without a rebound.
1:11 of 3rd period - Tomas Hertl wins face-off versus David Krejci in Buffalo Sabres zone.
1:31 of 3rd period - David Krejci is hit by Henri Jokiharju and loses puck.
1:40 of 3rd period - Shot by Andrew Copp.
1:40 of 3rd period - Shot Misses the Net.
2:04 of 3rd period - Shot by Lars Eller.
2:04 of 3rd period - Shot Misses the Net.
2:06 of 3rd period - Shot by Denis Malgin.
2:06 of 3rd period - Shot Misses the Net.
2:43 of 3rd period - Shot by Nathan MacKinnon.
2:43 of 3rd period - Shot Blocked by Erik Johnson.
2:45 of 3rd period - Shot by Tim Stutzle.
2:45 of 3rd period - Shot Blocked by Henri Jokiharju.
2:50 of 3rd period - Tim Stutzle is hit by Henri Jokiharju and loses puck.
3:26 of 3rd period - Brandon Saad is hit by Henri Jokiharju and loses puck.
3:32 of 3rd period - Paul Stastny is hit by Erik Johnson.
4:29 of 3rd period - Icing by Ryan Graves.
4:30 of 3rd period - Lars Eller wins face-off versus Teddy Blueger in Colorado Avalanche zone.
4:46 of 3rd period - Shot by Lars Eller.
4:46 of 3rd period - Shot Misses the Net.
5:01 of 3rd period - Shot by Nazem Kadri.
5:01 of 3rd period - Shot Blocked by Jake McCabe.
5:11 of 3rd period - Shot by Nathan MacKinnon.
5:11 of 3rd period - Stopped by Linus Ullmark with a rebound.
5:13 of 3rd period - Shot by Nathan MacKinnon.
5:13 of 3rd period - Stopped by Linus Ullmark without a rebound.
5:14 of 3rd period - Dylan Cozens wins face-off versus Paul Stastny in Buffalo Sabres zone.
5:44 of 3rd period - Shot by Dylan Cozens.
5:44 of 3rd period - Shot Misses the Net.
6:45 of 3rd period - Matthew Kessel is hit by Tim Stutzle and loses puck.
6:59 of 3rd period - Icing by Matthew Kessel.
7:00 of 3rd period - Marcus Johansson wins face-off versus Lars Eller in Buffalo Sabres zone.
7:18 of 3rd period - Minor Penalty to Alex Belzile for Holding.
7:19 of 3rd period - Nicklas Backstrom wins face-off versus J.T. Compher in Colorado Avalanche zone.
7:52 of 3rd period - Owen Power is hit by Cal Clutterbuck and loses puck.
8:27 of 3rd period - Shot by Teddy Blueger.
8:27 of 3rd period - Shot Misses the Net.
8:29 of 3rd period - Shot by Brett Leason.
8:29 of 3rd period - Shot Misses the Net.
8:55 of 3rd period - Shot by J.T. Compher.
8:55 of 3rd period - Stopped by Linus Ullmark without a rebound.
8:56 of 3rd period - Nathan MacKinnon wins face-off versus Zemgus Girgensons in Buffalo Sabres zone.
9:14 of 3rd period - Icing by Alex Tuch.
9:15 of 3rd period - Tim Stutzle wins face-off versus Zemgus Girgensons in Buffalo Sabres zone.
9:22 of 3rd period - Shot by Nathan MacKinnon.
9:22 of 3rd period - Stopped by Linus Ullmark without a rebound.
9:23 of 3rd period - Paul Stastny wins face-off versus Cal Clutterbuck in Buffalo Sabres zone.
9:40 of 3rd period - Owen Power is hit by Cal Clutterbuck and loses puck.
10:25 of 3rd period - Shot by Jeff Skinner.
10:25 of 3rd period - Shot Misses the Net.
11:30 of 3rd period - Alex Tuch is hit by Ryan Graves and loses puck.
11:53 of 3rd period - Shot by Jeff Skinner.
11:53 of 3rd period - Stopped by Casey DeSmith with a rebound.
11:55 of 3rd period - Shot by Ilya Lyubushkin.
11:55 of 3rd period - Shot Blocked by Owen Power.
12:45 of 3rd period - Shot by Marcus Johansson.
12:45 of 3rd period - Shot Blocked by Gustav Forsling.
12:47 of 3rd period - Shot by Henri Jokiharju.
12:47 of 3rd period - Stopped by Casey DeSmith without a rebound.
12:48 of 3rd period - Paul Stastny wins face-off versus Brett Leason in Colorado Avalanche zone.
13:06 of 3rd period - J.T. Compher is hit by Teddy Blueger and loses puck.
14:34 of 3rd period - Icing by Mattias Samuelsson.
14:35 of 3rd period - J.T. Compher wins face-off versus Alex Tuch in Buffalo Sabres zone.
14:40 of 3rd period - Shot by Tyson Barrie.
14:40 of 3rd period - Stopped by Linus Ullmark without a rebound.
14:41 of 3rd period - Lars Eller wins face-off versus Dylan Cozens in Buffalo Sabres zone.
14:56 of 3rd period - Shot by Lars Eller.
14:56 of 3rd period - Shot Misses the Net.
15:12 of 3rd period - Ilya Lyubushkin is hit by Denis Malgin and loses puck.
15:28 of 3rd period - Icing by Hampus Lindholm.
15:29 of 3rd period - Tomas Hertl wins face-off versus Paul Stastny in Colorado Avalanche zone.
15:30 of 3rd period - Shot by Cal Clutterbuck.
15:30 of 3rd period - Stopped by Casey DeSmith without a rebound.
15:31 of 3rd period - Tomas Hertl wins face-off versus Nathan MacKinnon in Colorado Avalanche zone.
15:46 of 3rd period - Shot by Nazem Kadri.
15:46 of 3rd period - Stopped by Linus Ullmark without a rebound.
15:47 of 3rd period - Teddy Blueger wins face-off versus Paul Stastny in Buffalo Sabres zone.
15:51 of 3rd period - Icing by Mattias Samuelsson.
15:52 of 3rd period - Teddy Blueger wins face-off versus Paul Stastny in Buffalo Sabres zone.
16:22 of 3rd period - Icing by Owen Power.
16:23 of 3rd period - Paul Stastny wins face-off versus Tomas Hertl in Colorado Avalanche zone.
16:48 of 3rd period - Shot by Nathan MacKinnon.
16:48 of 3rd period - Shot Misses the Net.
16:52 of 3rd period - Shot by Nathan MacKinnon.
16:52 of 3rd period - Stopped by Linus Ullmark without a rebound.
16:53 of 3rd period - Eeli Tolvanen wins face-off versus Nicklas Backstrom in Buffalo Sabres zone.
18:02 of 3rd period - Shot by Tim Stutzle.
18:02 of 3rd period - Stopped by Linus Ullmark without a rebound.
18:03 of 3rd period - Denis Malgin wins face-off versus Tomas Hertl in Buffalo Sabres zone.
18:52 of 3rd period - Off-side.
18:53 of 3rd period - Teddy Blueger wins face-off versus Nathan MacKinnon in neutral zone.
19:12 of 3rd period - Shot by Zemgus Girgensons.
19:12 of 3rd period - Stopped by Casey DeSmith with a rebound.
Goals for this period are 0 for Buffalo Sabres vs 0 for Colorado Avalanche.
Shots for this period are 5 for Buffalo Sabres vs 9 for Colorado Avalanche.

Overtime #1


0:01 of 1st overtime period - Tomas Hertl wins face-off versus Nazem Kadri in neutral zone.
0:30 of 1st overtime period - Shot by Tomas Hertl.
0:30 of 1st overtime period - Shot Misses the Net.
0:58 of 1st overtime period - Shot by David Krejci.
0:58 of 1st overtime period - Stopped by Linus Ullmark with a rebound.
2:11 of 1st overtime period - Shot by Brandon Saad.
2:11 of 1st overtime period - Shot Blocked by Jake McCabe.
3:10 of 1st overtime period - Icing by J.T. Compher.
3:11 of 1st overtime period - Nicklas Backstrom wins face-off versus J.T. Compher in Colorado Avalanche zone.
3:22 of 1st overtime period - Shot by Nicklas Backstrom.
3:22 of 1st overtime period - Goal by Nicklas Backstrom - Buffalo Sabres : 5 - Colorado Avalanche : 4.
Goals for this period are 1 for Buffalo Sabres vs 0 for Colorado Avalanche.
Shots for this period are 1 for Buffalo Sabres vs 1 for Colorado Avalanche.